AoeStats
← SAKI

Arena

510481315Analyzed
2v2 RM · 20h ago on Oct 1, 2026· 31m 9s· 4 players
Game mode
Random Map
Map size
Medium (4 player)
Population
200
Speed
Normal
Resources
Standard
Victory
Conquest
Starting age
Dark Age
Ending age
Imperial Age
RankedLock teamsTeams togetherTeam positionsShared explorationLock speedFull tech treeHidden civsTurbo modeCheats
Victory
Defeat
🇨🇳 Italians · China
1056
+14
🇨🇳 Spanish · China
889
+20
🇩🇪 Britons · Germany
1072
-20
🇫🇷 Byzantines · France
932
-14
Canyu
10:38 Feudal Age
12:01 Loom
15:23 Castle Age
13:54 Double-Bit Axe
15:03 Horse Collar
21:00 Padded Archer Armor
22:26 Gold Mining
29:06 Bow Saw
29:05 Heavy Plow
29:14 Herbal Medicine
32:15 Wheelbarrow
SAKI
11:23 Feudal Age
15:20 Castle Age
13:05 Horse Collar
13:18 Double-Bit Axe
13:29 Horse Collar
24:29 Imperial Age
21:53 Gold Mining
22:47 Fletching
23:13 Padded Archer Armor
24:27 Bodkin Arrow
25:17 Leather Archer Armor
26:28 Wheelbarrow
27:33 Wheelbarrow
28:06 Bracer
28:38 Ring Archer Armor
30:30 Bow Saw
SoldieR
10:07 Feudal Age
13:54 Castle Age
11:58 Double-Bit Axe
14:39 Loom
15:30 Wheelbarrow
21:17 Fletching
21:28 Padded Archer Armor
a-pb
11:18 Feudal Age
16:30 Castle Age
14:55 Double-Bit Axe
14:56 Horse Collar
17:26 Bow Saw
23:51 Imperial Age
24:26 Wheelbarrow
24:49 Padded Archer Armor
25:53 Loom
26:00 Crossbowman
27:00 Fletching
27:39 Hand Cart
27:42 Bodkin Arrow
29:41 Bracer
29:50 Thumb Ring
Connection lost

Rejoining the realm…

Still unreachable

The connection could not be restored.

Session expired

The server has moved on; the page needs a fresh start.